 Dungeon Crawl Stone Soup version 0.28.0-53-g5a82cb258f (webtiles) character file.

Game seed: 9773284755108990972

4966 DungeonMaster the Magician (level 10, -2/64 HPs)
             Began as a Demonspawn Hedge Wizard on June 22, 2022.
             Was an Initiate of Gozag.
             Slain by a freezing wraith (10 damage)
             ... led by a death knight
             ... on level 9 of the Dungeon.
             The game lasted 00:30:10 (13051 turns).

DungeonMaster the Magician (DsWz)                  Turns: 13051, Time: 00:30:10

Health: -2/64      AC: 14    Str: 11    XL:     10   Next: 28%
Magic:  0/30       EV: 11    Int: 22    God:    Gozag
Gold:   133        SH:  6    Dex: 12    Spells: 17/24 levels left

rFire   . . .      SeeInvis +   a - +10 hand axe of Victory {vamp, Drain rN+ SInv}
rCold   . . .      Faith    .   g - +1 buckler
rNeg    + . .      Spirit   +   C - +1 steam dragon scales
rPois   .          Reflect  .   r - +2 helmet
rElec   .          Harm     .   z - scarf {shadows}
rCorr   .          Rampage  .   F - +0 pair of gloves
Will    .....                   (no boots)
Stlth   ++........              h - amulet of guardian spirit
HPRegen 0.20/turn               k - +4 ring of protection
MPRegen 0.22/turn               t - ring of magical power

@: about to teleport, slowed, very slow
A: foul stench 2, big brain 1, weakness stinger 2
a: Renounce Religion, Potion Petition, Call Merchant, Bribe Branch


You were on level 9 of the Dungeon.
You worshipped Gozag.
Gozag was aware of your devotion.
You visited 2 branches of the dungeon, and saw 10 of its levels.

You collected 1047 gold pieces.
You spent 825 gold pieces at shops.
You paid 89 gold pieces to Gozag.

Inventory:

Hand Weapons
 a - the +10 hand axe of Victory (weapon) {vamp, Drain rN+ SInv}
   (You bought it in a shop on level 6 of the Dungeon)

   It occasionally heals its wielder for a portion of the damage dealt when it
   wounds a living foe.
   rN:        It protects you from negative energy.
   SInv:      It lets you see invisible.
   Drain:     It drains your maximum health when unequipped.
 c - a +1 morningstar of protection
 s - a +2 whip of electrocution
 B - a +2 war axe of flaming
Missiles
 i - 57 arrows
 m - 65 sling bullets
 n - 61 bolts
 o - 256 stones
 p - 6 poisoned darts
 A - 7 boomerangs (quivered)
Armour
 g - a +1 buckler (worn)
 r - a +2 helmet (worn)
 z - a scarf of shadows (worn)
 C - +1 steam dragon scales (worn)
 F - a +0 pair of gloves (worn)
Jewellery
 h - an amulet of guardian spirit (around neck)
 k - a +4 ring of protection (left hand)
 t - a ring of magical power (right hand)
 y - a +4 ring of protection
Wands
 w - a wand of flame (22)
 E - a wand of acid (3)
Scrolls
 e - a scroll of immolation
 f - 2 scrolls of fear
 l - 2 scrolls of teleportation
 q - a scroll of identify
 v - a scroll of blinking
 G - a scroll of silence
Potions
 b - a potion of brilliance
 d - a potion of mutation {unknown}
 j - 5 potions of curing
 u - 2 potions of degeneration {unknown}
 x - a potion of heal wounds
 D - a potion of resistance {unknown}


   Skills:
 * Level 0.5 Fighting
 * Level 1.9 Dodging
 - Level 1.7 Stealth
 - Level 4.2 Shields
 * Level 7.5 Spellcasting
 - Level 7.4 Conjurations
 - Level 1.0 Summonings
 * Level 1.1 Translocations
 - Level 6.1 Air Magic
 - Level 6.7 Poison Magic


You had 17 spell levels left.
You knew the following spells:

 Your Spells              Type           Power      Damage    Failure   Level
a - Magic Dart            Conj           100%       1d8       1%          1
b - Blink                 Tloc           26%        N/A       10%         2
c - Apportation           Tloc           26%        N/A       6%          1
d - Mephitic Cloud        Conj/Pois/Air  38%        N/A       1%          3

Your spell library contained the following spells:

 Spells                   Type           Power      Damage    Failure   Level
 Corpse Rot               Necr/Air       42%        N/A       4%          2
 Conjure Flame            Conj/Fire      24%        6-21      6%          3
 Summon Small Mammal      Summ           48%        N/A       7%          1
 Animate Skeleton         Necr           16%        N/A       10%         1
 Slow                     Hex            32%        N/A       10%         1
 Call Imp                 Summ           12%        N/A       10%         2
 Sublimation of Blood     Necr           8%         N/A       16%         2
 Frozen Ramparts          Ice            16%        1d3       30%         3
 Irradiate                Conj/Tmut      12%        3d18      52%         5
 Summon Ice Beast         Ice/Summ       10%        N/A       63%         4
 Dispel Undead            Necr           8%         3d8       69%         4
 Ice Form                 Ice/Tmut       8%         N/A       69%         4
 Petrify                  Tmut/Erth      8%         N/A       69%         4
 Death Channel            Necr           4%         N/A       100%        6


Dungeon Overview and Level Annotations

Branches:
Dungeon (9/15)             Temple (1/1) D:5
   Lair: D:8-11         Orc: D:9-12

Altars:
Ashenzari
Cheibriados
Dithmenos
Elyvilon
Fedhas
Gozag
Hepliaklqana
Kikubaaqudgha
Makhleb
Nemelex Xobeh
Okawaru
Qazlal
Ru
Sif Muna
Trog
Uskayaw
Vehumet
Wu Jian
Xom
Yredelemnul
The Shining One

Shops:
D:6 (

Annotations:
D:4 2 transporters, kalagan's ghost, novice DECj


Innate Abilities, Weirdness & Mutations

You sometimes emit foul miasma when damaged in melee.
You have an unusually large brain. (Int +2)
You have a tail ending in a sharp stinger.


Message History

The freezing wraith hits you. The freezing wraith freezes you!!
The freezing wraith hits you. The freezing wraith drains your vigour!
You feel yourself slow down.
Casting: Magic Dart (safe; 1% risk of failure)
Confirm with . or Enter, or press ? or * to list all spells.
Aiming: Magic Dart (safe; 1% risk of failure)
Press: ? - help, Shift-Dir - straight line, f/p - freezing wraith
Aim: a freezing wraith (lightly damaged, 100% to hit)
The magic dart hits the freezing wraith but does no damage.
The freezing wraith is lightly damaged.
The freezing wraith hits you but does no damage.
The freezing wraith hits you! The freezing wraith drains your vigour!
You feel as though you will be slow longer.
The freezing wraith closely misses you. x2
Casting: Magic Dart (safe; 1% risk of failure)
Confirm with . or Enter, or press ? or * to list all spells.
Aiming: Magic Dart (safe; 1% risk of failure)
Press: ? - help, Shift-Dir - straight line, f/p - freezing wraith
Aim: a freezing wraith (lightly damaged, 100% to hit)
The magic dart hits the freezing wraith.
The freezing wraith is lightly damaged.
You block the freezing wraith's attack. The freezing wraith hits you.
You emit a cloud of foul miasma!
Casting: Magic Dart (safe; 1% risk of failure)
Confirm with . or Enter, or press ? or * to list all spells.
Aiming: Magic Dart (safe; 1% risk of failure)
Press: ? - help, Shift-Dir - straight line, f/p - freezing wraith
Aim: a freezing wraith (foul pestilence, lightly damaged, 100% to hit)
The magic dart hits the freezing wraith but does no damage.
The freezing wraith is lightly damaged.
The freezing wraith hits you! The freezing wraith freezes you!
The freezing wraith barely misses you. The freezing wraith hits you!
* * * LOW HITPOINT WARNING * * *
The freezing wraith freezes you!
* * * LOW HITPOINT WARNING * * *
You block the freezing wraith's attack.
As you read the scroll of teleportation, it crumbles to dust.
You feel strangely unstable. The freezing wraith hits you!
You die...
Your body crumbles into a pile of gold.

............#...######
............#...#
............#...#
............#...#
............#...######.
'######.....#...#......
......#.....#####......
......#................
......'........W@......
......#...............#
......#...............#
......#...............#
......######..........#
....... ######.....#
........ .....#


You could see a freezing wraith.

Vanquished Creatures
  A two-headed ogre (D:8)
  Maggie (D:6)
  Prince Ribbit (D:6)
  A slime creature (D:8)
  Sigmund (D:6)
  A wraith (D:9)
  2 ice beasts (D:6)
  4 orc warriors (D:8)
  A sky beast (D:4)
  7 necrophages
  An ogre (D:6)
  A centaur (D:5)
  A phantom (D:5)
  2 kobold brigands (D:8)
  3 bullfrogs
  Blork the orc (D:6)
  2 scorpions
  A water moccasin skeleton (D:5)
  3 killer bees (D:8)
  5 wights (D:8)
  5 howler monkeys
  3 centaur zombies
  A bullfrog skeleton (D:6)
  3 bullfrog zombies
  A jelly (D:6)
  2 gnoll shamans
  A hound (D:7)
  3 iguanas
  4 orc wizards (D:8)
  2 hound skeletons
  10 gnolls
  6 adders
  A howler monkey skeleton (D:6)
  3 white imps
  2 worms
  2 dart slugs
  20 orcs
  7 ball pythons
  6 bats
  5 endoplasms
  4 giant cockroaches
  4 goblins (D:4)
  6 hobgoblins
  2 jackals (D:3)
  2 quokkas
  3 frilled lizards
  14 kobolds
  3 rats
165 creatures vanquished.

Vanquished Creatures (others)
  2 bushes (D:5)
  17 plants
19 creatures vanquished.

Grand Total: 184 creatures vanquished

Notes
Turn   | Place    | Note
-------+----------+-------------------------------------------
     0 | D:1      | DungeonMaster the Demonspawn Hedge Wizard began the quest
                  | for the Orb.
     0 | D:1      | Reached XP level 1. HP: 13/13 MP: 4/4
   565 | D:1      | Gained mutation: You have an unusually large brain. (Int
                  | +2) [demonic ancestry]
   565 | D:1      | Reached XP level 2. HP: 19/19 MP: 4/6
   636 | D:1      | Learned a level 2 spell: Blink
   644 | D:1      | Found a faded altar of an unknown god.
  1328 | D:2      | Reached XP level 3. HP: 13/24 MP: 1/8
  1925 | D:2      | Reached XP level 4. HP: 30/30 MP: 4/9
  1977 | D:2      | Learned a level 3 spell: Mephitic Cloud
  3194 | D:4      | Reached skill level 1 in Air Magic
  3194 | D:4      | Reached skill level 1 in Poison Magic
  3194 | D:4      | Reached XP level 5. HP: 35/35 MP: 3/11
  4227 | D:3      | Gained mutation: You may rarely emit foul miasma when
                  | damaged in melee. [demonic ancestry]
  4227 | D:3      | Reached XP level 6. HP: 33/41 MP: 1/12
  4364 | D:4      | Found a transporter.
  4365 | D:4      | Noticed kalagan's ghost (novice DECj)
  4369 | D:4      | Found a transporter.
  4856 | D:5      | Entered Level 5 of the Dungeon
  4976 | D:5      | Noticed a sky beast
  5152 | D:5      | Found a blossoming altar of Fedhas.
  5731 | D:5      | Gained mutation: You have a small tail. [demonic ancestry]
  5731 | D:5      | Reached XP level 7. HP: 42/46 MP: 5/14
  5811 | D:5      | Found an opulent altar of Gozag.
  5836 | D:5      | Found a staircase to the Ecumenical Temple.
  5848 | Temple   | Entered the Ecumenical Temple
  6306 | D:4      | Reached skill level 5 in Spellcasting
  6812 | D:5      | Became a worshipper of Gozag Ym Sagoz the Greedy
  7170 | D:5      | Reached skill level 5 in Conjurations
  7264 | D:5      | Gained mutation: You sometimes emit foul miasma when
                  | damaged in melee. [demonic ancestry]
  7264 | D:5      | Reached XP level 8. HP: 46/52 MP: 8/16
  7574 | D:6      | Noticed Prince Ribbit
  7574 | D:6      | Noticed Sigmund
  7619 | D:6      | Found a shadowy altar of Dithmenos.
  7619 | D:6      | Found a burning altar of Makhleb.
  7619 | D:6      | Found a shimmering blue altar of Sif Muna.
  7619 | D:6      | Found a stormy altar of Qazlal.
  7963 | D:6      | Killed Prince Ribbit
  8086 | D:6      | Killed Sigmund
  8087 | D:6      | Reached skill level 5 in Poison Magic
  8233 | D:6      | Gained mutation: You have a tail ending in a sharp stinger.
                  | [demonic ancestry]
  8233 | D:6      | Reached XP level 9. HP: 57/57 MP: 13/18
  8284 | D:6      | Found a glowing drain.
  8304 | D:6      | Noticed Blork the orc
  8320 | D:6      | Killed Blork the orc
  8330 | D:6      | Reached skill level 5 in Air Magic
  8557 | D:6      | Found Selapp's Weapon Shoppe.
  8627 | D:6      | Found a sacrificial altar of Ru.
  8895 | D:6      | Noticed Maggie
  8931 | D:6      | Killed Maggie
  9273 | D:6      | Found a sparkling altar of Nemelex Xobeh.
  9309 | D:6      | Found a sparkling altar of Nemelex Xobeh.
  9382 | D:6      | Reached skill level 1 in Shields
  9976 | D:7      | Learned a level 1 spell: Apportation
 10921 | D:8      | Found a hazy altar of Hepliaklqana.
 11366 | D:8      | Reached XP level 10. HP: 53/63 MP: 12/20
 11518 | D:8      | Noticed a two-headed ogre
 11552 | D:8      | Killed a two-headed ogre
 12300 | D:6      | Bought the +10 hand axe of Victory {vamp, Drain rN+ SInv}
                  | for 825 gold pieces
 12625 | D:9      | Found a radiant altar of Vehumet.
 12626 | D:9      | Noticed a skeletal warrior
 12918 | D:9      | Reached skill level 1 in Translocations
 13051 | D:9      | Slain by a freezing wraith

Illustrated notes

Levels and vault maps discovered:
D:1:      lightli_arrival_noodles, layout_basic,
          ebering_ecumenical_altar_sacrificial, serial_forest,
          infiniplex_forest_lined_room_2, infiniplex_forest_clump_curved,
          infiniplex_forest_clump_medium, infiniplex_forest_clump_small,
          infiniplex_forest_lined_corner, infiniplex_forest_clump_tiny,
          minmay_split_cup_large
D:2:      layout_basic
D:3:      layout_basic
D:4:      layout_rooms, gammafunk_ghost_mausoleum
D:5:      layout_rooms, lemuel_tele_altar, fedhas_altar_decomposition,
          minmay_temple_entry_wispy, hangedman_decor_slide_cut, st_stairs_9
D:6:      layout_rooms, old_standard_altar, grunt_temple_overflow_open,
          nemelex_diamond_rough_becter, cheibrodos_sewer_entry_sluice,
          serial_shops, nicolae_shop_bloodbath_and_beyond,
          kennysheep_flooded_box, nicolae_concentric_dashed_squares_mild,
          minivault_24, uniq_prince_ribbit1, uniq_maggie, uniq_sigmund,
          uniq_blork_the_orc
D:7:      layout_loops_ring
D:8:      layout_gridville, mainiacjoe_overflow_catwalk_spiral,
          kennysheep_little_box
D:9:      layout_gridville, mainiacjoe_overflow_alcove_2
Temple:   compressed_dpeg_triangle_lava_temple

Skill      XL: |  1  2  3  4  5  6  7  8  9 10 |
---------------+-------------------------------+-----
Conjurations   | 2 3 4 5 6 7 |  7.4
Spellcasting   | 4 5 6 7 |  7.5
Air Magic      | 1 2 3 4 5 6 |  6.1
Poison Magic   | 1 2 4 5 6 |  6.7
Shields        | 4 |  4.2
Translocations | 1 |  1.1
Fighting       | |  0.5
Dodging        | |  1.9
Stealth        | |  1.7
Summonings     | |  1.0

Action                   |  1- 3 |  4- 6 |  7- 9 | 10-12 || total
-------------------------+-------+-------+-------+-------++-------
Melee: Dagger            |    14 |       |       |       ||    14
       Short sword       |     5 |       |       |       ||     5
       Rapier            |    23 |    27 |    84 |       ||   134
       Tailslap          |       |       |    27 |     4 ||    31
       Whip              |       |       |    26 |     6 ||    32
       Punch             |       |       |     1 |       ||     1
       Hand axe          |       |       |       |    25 ||    25
Throw: Boomerang         |       |     4 |       |       ||     4
 Cast: Magic Dart        |    77 |   206 |   341 |    31 ||   655
       Mephitic Cloud    |       |     6 |    35 |     1 ||    42
       Blink             |       |       |     1 |     1 ||     2
Evoke: Wand              |       |       |     1 |       ||     1
  Use: Scroll            |     4 |     3 |     8 |     3 ||    18
 Stab: Confused          |       |       |    12 |       ||    12
Armor: Robe              |    12 |    27 |    55 |       ||    94
       Steam dragon scal |       |       |    30 |    12 ||    42
Dodge: Dodged            |    50 |    62 |   103 |    23 ||   238
Block: Buckler           |       |       |    24 |     8 ||    32
